Boston Bruins vs New York Rangers
Created - Wednesday, August 30, 2023 at 07:36
Goals
|
| Boston Bruins |
0 |
3 |
3 |
6 |
| New York Rangers |
3 |
1 |
4 |
8 |
|
Shots
|
| Boston Bruins |
15 |
7 |
10 |
32 |
| New York Rangers |
13 |
10 |
15 |
38 |
|
1st period
1. New York Rangers , Artemi Panarin 2 (Nathan MacKinnon 3) at 0:12
2. New York Rangers , Mathew Barzal 4 (Pierre-Luc Dubois 6) at 12:08
3. New York Rangers , Nathan MacKinnon 5 (Matthew Benning 2, Artemi Panarin 5) at 13:45
Penalties :
Gabriel Landeskog (NYR) for Charging (Minor) at 0:24
2nd period
4. New York Rangers , Mikael Granlund 2 (Matthew Benning 3, Cole Caufield 3) at 3:08
5. Boston Bruins , Ryan Donato 3 (Joel Farabee 6, John-Jason Peterka 2) at 9:51 (PP)
6. Boston Bruins , Nicholas Merkley 2 (Charlie McAvoy 4, Joonas Donskoi 1) at 13:59
7. Boston Bruins , Ryan Donato 4 (Sean Durzi 3) at 14:34
Penalties :
Conor Garland (NYR) for Hooking (Minor) at 8:28, Pavel Zacha (BOS) for Roughing (Minor) at 14:50
3rd period
8. Boston Bruins , Anthony Beauvillier 3 (Pavel Zacha 2, Phil Kessel 3) at 0:38 (PP)
9. Boston Bruins , John-Jason Peterka 3 (Ryan Donato 3, Tyson Barrie 2) at 0:44
10. New York Rangers , Pierre-Luc Dubois 5 (Jake McCabe 2, Mathew Barzal 4) at 3:32
11. Boston Bruins , Pavel Zacha 3 (Victor Mete 4, Phil Kessel 4) at 10:02
12. New York Rangers , Pierre-Luc Dubois 6 (Artemi Panarin 6, Nathan MacKinnon 4) at 13:45 (PP)
13. New York Rangers , Artemi Panarin 3 (Nathan MacKinnon 5, Mikael Granlund 2) at 15:18
14. New York Rangers , Cole Caufield 2 (Mikael Granlund 3, Filip Chytil 2) at 17:35
Penalties :
Gabriel Landeskog (NYR) for Slashing (Minor) at 0:22, Matt Grzelcyk (BOS) for Interference (Minor) at 4:43, Dmitry Kulikov (NYR) for Slashing (Minor) at 10:34, Austin Wagner (BOS) for Roughing (Minor) at 13:03, Tyson Barrie (BOS) for High sticking (Minor) at 17:38
Goalie Stats
Pyotr Kochetkov (BOS), 30 saves from 38 shots - (0.789), L, 2-4-1, 60:00 minutes
Igor Shesterkin (NYR), 26 saves from 32 shots - (0.813), W, 5-0-0, 60:00 minutes
Players Stats for Boston Bruins
Player Name G A P +/- PIM S H SB GA TA FO MP PP MP PK MP
------------------------------------------------------------------------------------
Anthony Beauvillier 1 0 1 -3 0 3 1 3 0 0 2/8 18:56 2:41 3:06
Austin Wagner 0 0 0 0 2 1 1 0 0 0 0/0 8:10 0:00 0:00
Charlie McAvoy 0 1 1 -2 0 0 0 2 1 1 0/0 26:36 2:32 3:03
Dylan Gambrell 0 0 0 0 0 1 2 0 0 0 2/4 9:03 0:00 0:45
Joe Veleno 0 0 0 0 0 2 3 1 0 0 4/15 12:56 0:06 0:20
Joel Farabee 0 1 1 0 0 5 6 0 0 0 1/1 19:46 2:56 3:06
John-Jason Peterka 1 1 2 0 0 4 0 0 0 0 1/1 16:30 2:53 0:00
Joonas Donskoi 0 1 1 0 0 0 0 1 0 0 0/1 11:51 0:00 0:00
Mathieu Olivier 0 0 0 0 0 1 0 0 1 0 0/0 8:11 0:00 0:00
Matt Grzelcyk 0 0 0 -1 2 0 2 0 0 0 0/0 12:00 0:00 0:00
Nicholas Merkley 1 0 1 0 0 1 0 3 1 0 0/0 12:13 0:03 0:00
Pavel Zacha 1 1 2 -3 2 3 0 0 1 3 11/23 18:49 2:41 2:18
Phil Kessel 0 2 2 -3 0 1 1 0 0 0 1/1 19:09 2:38 3:12
Ryan Donato 2 1 3 0 0 6 1 1 0 1 7/21 17:28 2:53 0:31
Samuel Girard 0 0 0 0 0 0 0 0 0 1 0/0 21:30 3:05 3:36
Sean Durzi 0 1 1 0 0 2 1 1 1 0 0/0 21:30 3:05 3:36
Tyson Barrie 0 1 1 -2 2 2 2 4 0 1 0/0 25:41 2:32 2:09
Victor Mete 0 1 1 -1 0 0 0 1 0 1 0/0 12:58 0:00 0:54
Players Stats for New York Rangers
Player Name G A P +/- PIM S H SB GA TA FO MP PP MP PK MP
------------------------------------------------------------------------------------
Adam Larsson 0 0 0 0 0 0 2 3 0 1 0/0 22:55 3:26 2:44
Andre Burakovsky 0 0 0 1 0 0 1 0 0 0 1/2 18:37 3:16 0:00
Artemi Panarin 2 2 4 1 0 5 0 1 2 0 0/1 18:57 3:22 0:00
Cam Fowler 0 0 0 0 0 0 0 2 0 0 0/0 16:35 0:01 0:00
Cole Caufield 1 1 2 1 0 5 0 0 1 0 0/0 14:53 3:16 0:29
Conor Garland 0 0 0 0 2 3 1 0 0 0 0/0 12:59 3:13 2:07
David Kampf 0 0 0 0 0 2 0 1 0 1 3/4 9:43 0:00 3:01
Dmitry Kulikov 0 0 0 0 2 0 1 0 0 0 0/0 16:29 0:00 1:52
Filip Chytil 0 1 1 1 0 3 0 0 0 0 7/13 12:19 0:00 0:00
Gabriel Landeskog 0 0 0 1 4 1 2 1 0 0 4/4 16:20 3:16 0:00
Jake McCabe 0 1 1 3 0 1 1 1 1 0 0/0 16:25 0:00 1:01
Mark Giordano 0 0 0 0 0 1 2 0 0 2 0/0 21:32 3:13 2:44
Mathew Barzal 1 1 2 1 0 4 0 1 2 0 0/0 16:51 3:26 0:08
Matthew Benning 0 2 2 3 0 0 2 5 0 0 0/0 18:18 0:00 2:53
Mikael Granlund 1 2 3 1 0 2 0 1 0 1 0/0 12:22 0:01 0:00
Nathan MacKinnon 1 3 4 1 0 5 1 1 0 0 12/24 18:57 3:22 0:00
Pierre-Luc Dubois 2 1 3 1 0 6 2 0 2 0 18/25 19:32 3:22 2:50
Tyler Motte 0 0 0 0 0 0 1 1 0 0 1/2 10:35 0:01 2:39
3 Stars
1 - Artemi Panarin (NYR)
2 - Pierre-Luc Dubois (NYR)
3 - Nathan MacKinnon (NYR)
Power Play
Boston Bruins - 2 on 4 Attempt(s) - 50.00%
New York Rangers - 1 on 4 Attempt(s) - 25.00%
Penalty Kill
Boston Bruins - 3 on 4 Attempt(s) - 75.00%
- Score 0 goal in Penalty Kill
New York Rangers - 2 on 4 Attempt(s) - 50.00%
- Score 0 goal in Penalty Kill
Team Stat
Boston Bruins - Hits : 20 - Faceoff Wins : 29 - Blocked Shots : 17 - Penalty Minutes : 8
New York Rangers - Hits : 16 - Faceoff Wins : 46 - Blocked Shots : 18 - Penalty Minutes : 8
Official
Referees : Francis Charron and Ian Walsh
Linesman : Thor Nelson and Brandon Gawryletz
Game Notes
No Game Note
Finance
Level 1 -- Attendance: 4666 (77.77%) -- Ticket Income $475,932
Level 2 -- Attendance: 3882 (77.64%) -- Ticket Income $244,566
Level 3 -- Attendance: 2052 (68.40%) -- Ticket Income $84,132
Level 4 -- Attendance: 3269 (65.38%) -- Ticket Income $91,532
Luxury Box -- Attendance: 959 (95.90%) -- Ticket Income $187,005
Game was played at the Madison Square Garden.
Total Attendance: 14828 (74.14%)
Total Ticket Income: $1,083,167
Other Income: $379,108
Total Income: $1,462,275
Boston Bruins
5 vs 5 Forward
Center Left Wing Right Wing Time % Phy DF OF
1 Pavel Zacha Anthony Beauvillier Phil Kessel 30 1 2 2
2 Ryan Donato Joel Farabee John-Jason Peterka 30 1 2 2
3 Joe Veleno Joonas Donskoi Nicholas Merkley 25 1 2 2
4 Dylan Gambrell Austin Wagner Mathieu Olivier 15 1 2 2
5 vs 5 Defense
Defense Defense Time % Phy DF OF
1 Charlie McAvoy Tyson Barrie 30 1 2 2
2 Sean Durzi Samuel Girard 30 1 2 2
3 Matt Grzelcyk Victor Mete 25 1 2 2
4 Charlie McAvoy Tyson Barrie 15 1 2 2
PowerPlay Forward
Center Left Wing Right Wing Time % Phy DF OF
1 Pavel Zacha Anthony Beauvillier Phil Kessel 50 1 2 2
2 Ryan Donato Joel Farabee John-Jason Peterka 50 1 2 2
PowerPlay Defense
Defense Defense Time % Phy DF OF
1 Charlie McAvoy Tyson Barrie 50 1 2 2
2 Sean Durzi Samuel Girard 50 1 2 2
Penalty Kill 4 Players Forward
Center Wing Time % Phy DF OF
1 Pavel Zacha Phil Kessel 50 1 2 2
2 Anthony Beauvillier Joel Farabee 50 1 2 2
Penalty Kill 4 Players Defense
Defense Defense Time % Phy DF OF
1 Charlie McAvoy Tyson Barrie 50 1 2 2
2 Sean Durzi Samuel Girard 50 1 2 2
Penalty Kill - 3 Players Forward
Forward Time % Phy DF OF
1 Pavel Zacha 50 1 2 2
2 Phil Kessel 50 1 2 2
Penalty Kill - 3 Players Defense
Defense Defense Time % Phy DF OF
1 Charlie McAvoy Tyson Barrie 50 1 2 2
2 Sean Durzi Samuel Girard 50 1 2 2
4 vs 4 Forward
Center Wing Time % Phy DF OF
1 Pavel Zacha Phil Kessel 50 1 2 2
2 Anthony Beauvillier Joel Farabee 50 1 2 2
4 vs 4 Defense
Defense Defense Time % Phy DF OF
1 Charlie McAvoy Tyson Barrie 50 1 2 2
2 Sean Durzi Samuel Girard 50 1 2 2
Last Minutes Offensive
Center Left Wing Right Wing Defense Defense
Pavel Zacha Anthony Beauvillier Phil Kessel Charlie McAvoy Tyson Barrie
Last Minutes Defensive
Center Left Wing Right Wing Defense Defense
Pavel Zacha Anthony Beauvillier Phil Kessel Charlie McAvoy Tyson Barrie
Goaltenders
Starting : Pyotr Kochetkov
Backup : Kyle Keyser
Extra Forwards
Normal : Joe Veleno, Nicholas Merkley, Dylan Gambrell - PP : Joe Veleno, Nicholas Merkley - PK : Dylan Gambrell
Extra Defensemen
Normal : Matt Grzelcyk, Victor Mete, Sean Durzi - PP : Matt Grzelcyk - PK : Victor Mete, Sean Durzi
Penalty Shots
Pavel Zacha, Phil Kessel, Anthony Beauvillier, Joel Farabee, Ryan Donato
New York Rangers
5 vs 5 Forward
Center Left Wing Right Wing Time % Phy DF OF
1 Nathan MacKinnon Artemi Panarin Andre Burakovsky 33 0 1 4
2 Pierre-Luc Dubois Gabriel Landeskog Mathew Barzal 30 1 1 3
3 Filip Chytil Cole Caufield Mikael Granlund 25 1 2 2
4 David Kampf Conor Garland Tyler Motte 12 1 3 1
5 vs 5 Defense
Defense Defense Time % Phy DF OF
1 Cam Fowler Adam Larsson 35 1 2 2
2 Dmitry Kulikov Mark Giordano 33 1 2 2
3 Matthew Benning Jake McCabe 32 1 2 2
4 Cam Fowler Adam Larsson 0 1 2 2
PowerPlay Forward
Center Left Wing Right Wing Time % Phy DF OF
1 Nathan MacKinnon Artemi Panarin Pierre-Luc Dubois 50 0 1 4
2 Gabriel Landeskog Andre Burakovsky Cole Caufield 50 0 1 4
PowerPlay Defense
Defense Defense Time % Phy DF OF
1 Mathew Barzal Adam Larsson 50 1 1 3
2 Conor Garland Mark Giordano 50 1 1 3
Penalty Kill 4 Players Forward
Center Wing Time % Phy DF OF
1 David Kampf Tyler Motte 50 1 3 1
2 Pierre-Luc Dubois Conor Garland 50 1 3 1
Penalty Kill 4 Players Defense
Defense Defense Time % Phy DF OF
1 Matthew Benning Dmitry Kulikov 50 1 3 1
2 Adam Larsson Mark Giordano 50 1 3 1
Penalty Kill - 3 Players Forward
Forward Time % Phy DF OF
1 Nathan MacKinnon 50 1 2 2
2 Artemi Panarin 50 1 2 2
Penalty Kill - 3 Players Defense
Defense Defense Time % Phy DF OF
1 Matthew Benning Dmitry Kulikov 50 1 3 1
2 Adam Larsson Mark Giordano 50 1 3 1
4 vs 4 Forward
Center Wing Time % Phy DF OF
1 Nathan MacKinnon Artemi Panarin 50 0 2 3
2 Pierre-Luc Dubois Mathew Barzal 50 0 2 3
4 vs 4 Defense
Defense Defense Time % Phy DF OF
1 Cam Fowler Adam Larsson 50 1 2 2
2 Dmitry Kulikov Mark Giordano 50 1 2 2
Last Minutes Offensive
Center Left Wing Right Wing Defense Defense
Nathan MacKinnon Artemi Panarin Pierre-Luc Dubois Cam Fowler Adam Larsson
Last Minutes Defensive
Center Left Wing Right Wing Defense Defense
David Kampf Tyler Motte Mikael Granlund Dmitry Kulikov Adam Larsson
Goaltenders
Starting : Igor Shesterkin
Backup : Tristan Jarry
Extra Forwards
Normal : Nathan MacKinnon, Pierre-Luc Dubois, Gabriel Landeskog - PP : Gabriel Landeskog, Cole Caufield - PK : David Kampf
Extra Defensemen
Normal : Matthew Benning, Jake McCabe, Dmitry Kulikov - PP : Matthew Benning - PK : Jake McCabe, Dmitry Kulikov
Penalty Shots
Artemi Panarin, Cole Caufield, Pierre-Luc Dubois, Mark Giordano, David Kampf
% Time on Ice - Boston Bruins
Lines # - Real PCT - Wanted PCT - Time Play
Normal Forward
1 - 29% - 30% - 13:51
2 - 29% - 30% - 13:51
3 - 25% - 25% - 11:51
4 - 17% - 15% - 8:11
Normal Defense
1 - 31% - 30% - 15:01
2 - 31% - 30% - 14:49
3 - 25% - 25% - 11:54
4 - 13% - 15% - 6:00
PP Forward
1 - 48% - 50% - 2:41
2 - 52% - 50% - 2:56
PP Defense
1 - 45% - 50% - 2:32
2 - 55% - 50% - 3:05
PK Forward
1 - 53% - 50% - 3:32
2 - 47% - 50% - 3:07
PK Defense
1 - 46% - 50% - 3:03
2 - 54% - 50% - 3:36
PK3 Forward
1 - 0% - 50%
2 - 0% - 50%
PK3 Defense
1 - 0% - 50%
2 - 0% - 50%
44 Forward
1 - 0% - 50%
2 - 0% - 50%
44 Defense
1 - 0% - 50%
2 - 0% - 50%
Last Minute Offensive - 0:00
Last Minute Defensive - 0:00
Total
Forward - 60:00
Defense - 60:00
|
% Time on Ice - New York Rangers
Lines # - Real PCT - Wanted PCT - Time Play
Normal Forward
1 - 33% - 33% - 15:36
2 - 28% - 30% - 13:08
3 - 26% - 25% - 12:19
4 - 14% - 12% - 6:41
Normal Defense
1 - 35% - 35% - 16:45
2 - 33% - 33% - 15:35
3 - 32% - 32% - 15:24
4 - 0% - 0% - 0:00
PP Forward
1 - 51% - 50% - 3:22
2 - 49% - 50% - 3:17
PP Defense
1 - 52% - 50% - 3:26
2 - 48% - 50% - 3:13
PK Forward
1 - 47% - 50% - 2:39
2 - 53% - 50% - 2:58
PK Defense
1 - 51% - 50% - 2:53
2 - 49% - 50% - 2:44
PK3 Forward
1 - 0% - 50%
2 - 0% - 50%
PK3 Defense
1 - 0% - 50%
2 - 0% - 50%
44 Forward
1 - 0% - 50%
2 - 0% - 50%
44 Defense
1 - 0% - 50%
2 - 0% - 50%
Last Minute Offensive - 0:00
Last Minute Defensive - 0:00
Total
Forward - 60:00
Defense - 60:00
|
Play-by-Play
1st period
0:01 of 1st period - Nathan MacKinnon wins face-off versus Pavel Zacha in neutral zone.
0:04 of 1st period - Snap shot by Artemi Panarin.
0:04 of 1st period - Stopped by Pyotr Kochetkov with a rebound.
0:06 of 1st period - Snap shot by Artemi Panarin.
0:06 of 1st period - Shot Blocked by Tyson Barrie.
0:12 of 1st period - Wrist shot by Artemi Panarin.
0:12 of 1st period - Goal by Artemi Panarin - Boston Bruins : 0 - New York Rangers : 1.
0:13 of 1st period - Pierre-Luc Dubois wins face-off versus Ryan Donato in neutral zone.
0:24 of 1st period - Minor Penalty to Gabriel Landeskog for Charging.
0:25 of 1st period - Pavel Zacha wins face-off versus David Kampf in New York Rangers zone.
0:29 of 1st period - Snap shot by Anthony Beauvillier.
0:29 of 1st period - Stopped by Igor Shesterkin without a rebound.
0:30 of 1st period - Pavel Zacha wins face-off versus Tyler Motte in New York Rangers zone.
0:37 of 1st period - Snap shot by Anthony Beauvillier.
0:37 of 1st period - Shot Blocked by Matthew Benning.
0:39 of 1st period - Slapshot by Charlie McAvoy.
0:39 of 1st period - Shot Blocked by David Kampf.
2:17 of 1st period - Dmitry Kulikov is hit by Tyson Barrie.
2:24 of 1st period - Penalty to Gabriel Landeskog is over, Gabriel Landeskog is back on ice.
2:51 of 1st period - Snap shot by Dylan Gambrell.
2:51 of 1st period - Shot Misses the Net.
2:53 of 1st period - Wrist shot by Dylan Gambrell.
2:53 of 1st period - Shot Blocked by Nathan MacKinnon.
2:55 of 1st period - Snap shot by Mathieu Olivier.
2:55 of 1st period - Stopped by Igor Shesterkin without a rebound.
2:56 of 1st period - Joe Veleno wins face-off versus Filip Chytil in New York Rangers zone.
3:11 of 1st period - Mikael Granlund is hit by Joe Veleno and loses puck.
3:22 of 1st period - Austin Wagner is hit by Matthew Benning and loses puck.
3:33 of 1st period - Wrist shot by Pierre-Luc Dubois.
3:33 of 1st period - Shot Misses the Net.
3:49 of 1st period - Victor Mete is hit by Mark Giordano and loses puck.
4:14 of 1st period - Nicholas Merkley is hit by Tyler Motte and loses puck.
4:33 of 1st period - Slapshot by John-Jason Peterka.
4:33 of 1st period - Shot Misses the Net.
4:35 of 1st period - Slapshot by Sean Durzi.
4:35 of 1st period - Deflect By John-Jason Peterka.
4:35 of 1st period - Shot Misses the Net.
4:35 of 1st period - Puck is out of play.
4:36 of 1st period - Pierre-Luc Dubois wins face-off versus Pavel Zacha in New York Rangers zone.
5:07 of 1st period - Wrist shot by Ryan Donato.
5:07 of 1st period - Stopped by Igor Shesterkin with a rebound.
5:09 of 1st period - Snap shot by Joel Farabee.
5:09 of 1st period - Stopped by Igor Shesterkin without a rebound.
5:10 of 1st period - Andre Burakovsky wins face-off versus Joe Veleno in New York Rangers zone.
5:25 of 1st period - Snap shot by Nathan MacKinnon.
5:25 of 1st period - Shot Misses the Net.
5:27 of 1st period - Snap shot by Nathan MacKinnon.
5:27 of 1st period - Deflect By Nicholas Merkley.
5:27 of 1st period - Stopped by Pyotr Kochetkov without a rebound.
5:28 of 1st period - Pierre-Luc Dubois wins face-off versus Pavel Zacha in Boston Bruins zone.
6:14 of 1st period - Slapshot by Artemi Panarin.
6:14 of 1st period - Stopped by Pyotr Kochetkov with a rebound.
6:22 of 1st period - Snap shot by Nathan MacKinnon.
6:22 of 1st period - Stopped by Pyotr Kochetkov with a rebound.
6:44 of 1st period - Snap shot by Tyler Motte.
6:44 of 1st period - Shot Misses the Net.
7:08 of 1st period - Pierre-Luc Dubois is hit by Anthony Beauvillier and loses puck.
7:25 of 1st period - Snap shot by Joel Farabee.
7:25 of 1st period - Deflect By John-Jason Peterka.
7:25 of 1st period - Shot Misses the Net.
7:25 of 1st period - Puck is out of play.
7:26 of 1st period - Ryan Donato wins face-off versus Nathan MacKinnon in New York Rangers zone.
7:51 of 1st period - Adam Larsson is hit by Joe Veleno and loses puck.
8:24 of 1st period - Icing by Adam Larsson.
8:25 of 1st period - Ryan Donato wins face-off versus Pierre-Luc Dubois in New York Rangers zone.
8:36 of 1st period - Slapshot by John-Jason Peterka.
8:36 of 1st period - Stopped by Igor Shesterkin with a rebound.
9:16 of 1st period - Slapshot by Filip Chytil.
9:16 of 1st period - Stopped by Pyotr Kochetkov with a rebound.
9:56 of 1st period - Wrist shot by Artemi Panarin.
9:56 of 1st period - Shot Misses the Net.
10:05 of 1st period - Icing by Cam Fowler.
10:06 of 1st period - Nathan MacKinnon wins face-off versus Pavel Zacha in New York Rangers zone.
10:32 of 1st period - Mathew Barzal is hit by Joel Farabee and loses puck.
11:34 of 1st period - Phil Kessel is hit by Conor Garland and loses puck.
11:55 of 1st period - Ryan Donato is hit by Pierre-Luc Dubois and loses puck.
12:06 of 1st period - Snap shot by Pierre-Luc Dubois.
12:06 of 1st period - Stopped by Pyotr Kochetkov with a rebound.
12:08 of 1st period - Snap shot by Mathew Barzal.
12:08 of 1st period - Goal by Mathew Barzal - Boston Bruins : 0 - New York Rangers : 2.
12:09 of 1st period - Pavel Zacha wins face-off versus Nathan MacKinnon in neutral zone.
12:58 of 1st period - Off-side.
12:59 of 1st period - Pierre-Luc Dubois wins face-off versus Joe Veleno in neutral zone.
13:26 of 1st period - Joonas Donskoi is hit by Dmitry Kulikov and loses puck.
13:37 of 1st period - Snap shot by Conor Garland.
13:37 of 1st period - Shot Blocked by Nicholas Merkley.
13:39 of 1st period - Wrist shot by Conor Garland.
13:39 of 1st period - Stopped by Pyotr Kochetkov without a rebound.
13:40 of 1st period - Nathan MacKinnon wins face-off versus Pavel Zacha in Boston Bruins zone.
13:41 of 1st period - Snap shot by Artemi Panarin.
13:41 of 1st period - Stopped by Pyotr Kochetkov with a rebound.
13:43 of 1st period - Wrist shot by Nathan MacKinnon.
13:43 of 1st period - Shot Blocked by Tyson Barrie.
13:45 of 1st period - Slapshot by Matthew Benning.
13:45 of 1st period - Deflect By Nathan MacKinnon.
13:45 of 1st period - Goal by Nathan MacKinnon - Boston Bruins : 0 - New York Rangers : 3.
13:46 of 1st period - Ryan Donato wins face-off versus Nathan MacKinnon in neutral zone.
14:40 of 1st period - Wrist shot by Tyler Motte.
14:40 of 1st period - Shot Misses the Net.
14:46 of 1st period - Snap shot by Charlie McAvoy.
14:46 of 1st period - Shot Blocked by Cam Fowler.
14:48 of 1st period - Slapshot by Tyson Barrie.
14:48 of 1st period - Stopped by Igor Shesterkin with a rebound.
14:50 of 1st period - Slapshot by Tyson Barrie.
14:50 of 1st period - Shot Misses the Net.
14:52 of 1st period - Slapshot by Charlie McAvoy.
14:52 of 1st period - Deflect By Austin Wagner.
14:52 of 1st period - Stopped by Igor Shesterkin with a rebound.
15:12 of 1st period - Backhand shot by Tyson Barrie.
15:12 of 1st period - Stopped by Igor Shesterkin without a rebound.
15:13 of 1st period - Pavel Zacha wins face-off versus Pierre-Luc Dubois in New York Rangers zone.
15:22 of 1st period - Wrist shot by Anthony Beauvillier.
15:22 of 1st period - Shot Misses the Net.
15:40 of 1st period - Joel Farabee is hit by Nathan MacKinnon and loses puck.
16:18 of 1st period - Wrist shot by Filip Chytil.
16:18 of 1st period - Shot Blocked by Joe Veleno.
16:20 of 1st period - Wrist shot by Cole Caufield.
16:20 of 1st period - Stopped by Pyotr Kochetkov without a rebound.
16:21 of 1st period - Pierre-Luc Dubois wins face-off versus Pavel Zacha in Boston Bruins zone.
16:30 of 1st period - Snap shot by Phil Kessel.
16:30 of 1st period - Shot Blocked by Matthew Benning.
16:32 of 1st period - Slapshot by Anthony Beauvillier.
16:32 of 1st period - Shot Misses the Net.
16:46 of 1st period - Ryan Donato is hit by Jake McCabe and loses puck.
16:53 of 1st period - Wrist shot by Nathan MacKinnon.
16:53 of 1st period - Stopped by Pyotr Kochetkov without a rebound.
16:54 of 1st period - Filip Chytil wins face-off versus Joe Veleno in Boston Bruins zone.
17:23 of 1st period - Snap shot by Phil Kessel.
17:23 of 1st period - Stopped by Igor Shesterkin without a rebound.
17:24 of 1st period - Pavel Zacha wins face-off versus Pierre-Luc Dubois in New York Rangers zone.
18:01 of 1st period - Wrist shot by Pavel Zacha.
18:01 of 1st period - Shot Misses the Net.
18:03 of 1st period - Wrist shot by Anthony Beauvillier.
18:03 of 1st period - Stopped by Igor Shesterkin without a rebound.
18:04 of 1st period - Ryan Donato wins face-off versus Nathan MacKinnon in New York Rangers zone.
18:09 of 1st period - Slapshot by Ryan Donato.
18:09 of 1st period - Shot Blocked by Matthew Benning.
18:11 of 1st period - Wrist shot by John-Jason Peterka.
18:11 of 1st period - Shot Hit the Post.
18:13 of 1st period - Wrist shot by Joel Farabee.
18:13 of 1st period - Stopped by Igor Shesterkin without a rebound.
18:14 of 1st period - Nathan MacKinnon wins face-off versus Ryan Donato in New York Rangers zone.
18:33 of 1st period - Slapshot by Joel Farabee.
18:33 of 1st period - Stopped by Igor Shesterkin with a rebound.
18:35 of 1st period - Wrist shot by Joel Farabee.
18:35 of 1st period - Stopped by Igor Shesterkin without a rebound.
18:36 of 1st period - Pierre-Luc Dubois wins face-off versus Joe Veleno in New York Rangers zone.
18:36 of 1st period - Pierre-Luc Dubois is hit by Joe Veleno.
19:02 of 1st period - Mark Giordano is hit by Phil Kessel and loses puck.
19:25 of 1st period - Wrist shot by John-Jason Peterka.
19:25 of 1st period - Stopped by Igor Shesterkin with a rebound.
19:27 of 1st period - Wrist shot by Ryan Donato.
19:27 of 1st period - Stopped by Igor Shesterkin without a rebound.
19:28 of 1st period - Pierre-Luc Dubois wins face-off versus Ryan Donato in New York Rangers zone.
19:28 of 1st period - Pierre-Luc Dubois is hit by Ryan Donato.
Goals for this period are 0 for Boston Bruins vs 3 for New York Rangers.
Shots for this period are 15 for Boston Bruins vs 13 for New York Rangers.
2nd period
0:01 of 2nd period - Joe Veleno wins face-off versus Nathan MacKinnon in neutral zone.
1:16 of 2nd period - Dmitry Kulikov is hit by Joel Farabee and loses puck.
1:55 of 2nd period - Wrist shot by Nicholas Merkley.
1:55 of 2nd period - Shot Blocked by Cam Fowler.
2:08 of 2nd period - Icing by Tyson Barrie.
2:09 of 2nd period - Dylan Gambrell wins face-off versus Pierre-Luc Dubois in Boston Bruins zone.
2:36 of 2nd period - Wrist shot by Tyson Barrie.
2:36 of 2nd period - Shot Blocked by Matthew Benning.
3:04 of 2nd period - Snap shot by Mikael Granlund.
3:04 of 2nd period - Shot Misses the Net.
3:06 of 2nd period - Slapshot by Matthew Benning.
3:06 of 2nd period - Shot Blocked by Victor Mete.
3:08 of 2nd period - Wrist shot by Mikael Granlund.
3:08 of 2nd period - Goal by Mikael Granlund - Boston Bruins : 0 - New York Rangers : 4.
3:09 of 2nd period - Pierre-Luc Dubois wins face-off versus Joonas Donskoi in neutral zone.
3:57 of 2nd period - Mark Giordano is hit by Matt Grzelcyk.
4:01 of 2nd period - Mark Giordano is hit by Joel Farabee.
4:23 of 2nd period - Snap shot by David Kampf.
4:23 of 2nd period - Stopped by Pyotr Kochetkov with a rebound.
4:35 of 2nd period - Pierre-Luc Dubois is hit by Matt Grzelcyk and loses puck.
5:47 of 2nd period - Tyson Barrie is hit by Gabriel Landeskog and loses puck.
6:27 of 2nd period - Wrist shot by Joel Farabee.
6:27 of 2nd period - Stopped by Igor Shesterkin with a rebound.
6:29 of 2nd period - Wrist shot by Joel Farabee.
6:29 of 2nd period - Shot Misses the Net.
6:31 of 2nd period - Snap shot by Ryan Donato.
6:31 of 2nd period - Stopped by Igor Shesterkin without a rebound.
6:32 of 2nd period - Joel Farabee wins face-off versus Nathan MacKinnon in New York Rangers zone.
6:41 of 2nd period - Slapshot by John-Jason Peterka.
6:41 of 2nd period - Stopped by Igor Shesterkin with a rebound.
7:01 of 2nd period - Icing by Jake McCabe.
7:02 of 2nd period - Filip Chytil wins face-off versus Anthony Beauvillier in New York Rangers zone.
8:11 of 2nd period - Ryan Donato is hit by Adam Larsson and loses puck.
8:22 of 2nd period - Snap shot by Ryan Donato.
8:22 of 2nd period - Shot Misses the Net.
8:28 of 2nd period - Minor Penalty to Conor Garland for Hooking.
8:29 of 2nd period - Pierre-Luc Dubois wins face-off versus Ryan Donato in New York Rangers zone.
8:56 of 2nd period - Phil Kessel is hit by Adam Larsson.
9:02 of 2nd period - Wrist shot by Pavel Zacha.
9:02 of 2nd period - Stopped by Igor Shesterkin without a rebound.
9:03 of 2nd period - Pierre-Luc Dubois wins face-off versus Ryan Donato in New York Rangers zone.
9:03 of 2nd period - Pierre-Luc Dubois is hit by Tyson Barrie.
9:39 of 2nd period - Wrist shot by Anthony Beauvillier.
9:39 of 2nd period - Deflect By Phil Kessel.
9:39 of 2nd period - Shot Blocked by Matthew Benning.
9:39 of 2nd period - Puck is out of play.
9:40 of 2nd period - Ryan Donato wins face-off versus Pierre-Luc Dubois in New York Rangers zone.
9:51 of 2nd period - Snap shot by Ryan Donato.
9:51 of 2nd period - Goal by Ryan Donato - Boston Bruins : 1 - New York Rangers : 4.
9:52 of 2nd period - Pavel Zacha wins face-off versus Nathan MacKinnon in neutral zone.
9:54 of 2nd period - Off-side.
9:55 of 2nd period - Pavel Zacha wins face-off versus Nathan MacKinnon in neutral zone.
10:04 of 2nd period - Snap shot by Anthony Beauvillier.
10:04 of 2nd period - Deflect By Phil Kessel.
10:04 of 2nd period - Shot Blocked by Adam Larsson.
10:04 of 2nd period - Puck is out of play.
10:05 of 2nd period - Pierre-Luc Dubois wins face-off versus Pavel Zacha in New York Rangers zone.
10:56 of 2nd period - Snap shot by Pierre-Luc Dubois.
10:56 of 2nd period - Stopped by Pyotr Kochetkov without a rebound.
10:57 of 2nd period - Nathan MacKinnon wins face-off versus Pavel Zacha in Boston Bruins zone.
12:07 of 2nd period - Off-side.
12:08 of 2nd period - Joe Veleno wins face-off versus Nathan MacKinnon in neutral zone.
13:08 of 2nd period - Wrist shot by Artemi Panarin.
13:08 of 2nd period - Shot Blocked by Nicholas Merkley.
13:48 of 2nd period - Joonas Donskoi is hit by Andre Burakovsky and loses puck.
13:57 of 2nd period - Wrist shot by Nicholas Merkley.
13:57 of 2nd period - Shot Misses the Net.
13:59 of 2nd period - Slapshot by Nicholas Merkley.
13:59 of 2nd period - Goal by Nicholas Merkley - Boston Bruins : 2 - New York Rangers : 4.
14:00 of 2nd period - Pierre-Luc Dubois wins face-off versus Ryan Donato in neutral zone.
14:03 of 2nd period - Snap shot by Mathew Barzal.
14:03 of 2nd period - Stopped by Pyotr Kochetkov without a rebound.
14:04 of 2nd period - Pierre-Luc Dubois wins face-off versus Ryan Donato in Boston Bruins zone.
14:23 of 2nd period - Samuel Girard is hit by Gabriel Landeskog.
14:27 of 2nd period - Mathew Barzal is hit by Joel Farabee and loses puck.
14:34 of 2nd period - Snap shot by Ryan Donato.
14:34 of 2nd period - Goal by Ryan Donato - Boston Bruins : 3 - New York Rangers : 4.
14:35 of 2nd period - Pavel Zacha wins face-off versus Filip Chytil in neutral zone.
14:48 of 2nd period - Slapshot by Mark Giordano.
14:48 of 2nd period - Stopped by Pyotr Kochetkov with a rebound.
14:50 of 2nd period - Minor Penalty to Pavel Zacha for Roughing.
14:51 of 2nd period - Nathan MacKinnon wins face-off versus Dylan Gambrell in Boston Bruins zone.
15:08 of 2nd period - Snap shot by Pierre-Luc Dubois.
15:08 of 2nd period - Shot Blocked by Anthony Beauvillier.
16:30 of 2nd period - Mark Giordano is hit by Sean Durzi and loses puck.
16:50 of 2nd period - Penalty to Pavel Zacha is over, Pavel Zacha is back on ice.
16:57 of 2nd period - Backhand shot by Filip Chytil.
16:57 of 2nd period - Shot Blocked by Charlie McAvoy.
17:31 of 2nd period - Snap shot by Mathieu Olivier.
17:31 of 2nd period - Shot Misses the Net.
18:05 of 2nd period - David Kampf is hit by Dylan Gambrell and loses puck.
18:43 of 2nd period - Nathan MacKinnon is hit by Austin Wagner and loses puck.
19:05 of 2nd period - Slapshot by Mathew Barzal.
19:05 of 2nd period - Shot Blocked by Anthony Beauvillier.
19:07 of 2nd period - Slapshot by Matthew Benning.
19:07 of 2nd period - Shot Misses the Net.
19:09 of 2nd period - Slapshot by Mathew Barzal.
19:09 of 2nd period - Stopped by Pyotr Kochetkov with a rebound.
19:11 of 2nd period - Snap shot by Pierre-Luc Dubois.
19:11 of 2nd period - Stopped by Pyotr Kochetkov without a rebound.
19:12 of 2nd period - Tyler Motte wins face-off versus Joe Veleno in Boston Bruins zone.
19:17 of 2nd period - Wrist shot by Conor Garland.
19:17 of 2nd period - Stopped by Pyotr Kochetkov with a rebound.
19:19 of 2nd period - Slapshot by Cam Fowler.
19:19 of 2nd period - Shot Blocked by Nicholas Merkley.
19:21 of 2nd period - Snap shot by David Kampf.
19:21 of 2nd period - Stopped by Pyotr Kochetkov without a rebound.
19:22 of 2nd period - David Kampf wins face-off versus Joe Veleno in Boston Bruins zone.
19:23 of 2nd period - Snap shot by Conor Garland.
19:23 of 2nd period - Shot Blocked by Joonas Donskoi.
19:25 of 2nd period - Wrist shot by Conor Garland.
19:25 of 2nd period - Stopped by Pyotr Kochetkov without a rebound.
19:26 of 2nd period - Pierre-Luc Dubois wins face-off versus Ryan Donato in Boston Bruins zone.
19:43 of 2nd period - Gabriel Landeskog is hit by Joel Farabee.
19:53 of 2nd period - Pavel Zacha is hit by Matthew Benning.
Goals for this period are 3 for Boston Bruins vs 1 for New York Rangers.
Shots for this period are 7 for Boston Bruins vs 10 for New York Rangers.
3rd period
0:01 of 3rd period - Pierre-Luc Dubois wins face-off versus Ryan Donato in neutral zone.
0:22 of 3rd period - Minor Penalty to Gabriel Landeskog for Slashing.
0:23 of 3rd period - Pavel Zacha wins face-off versus Pierre-Luc Dubois in New York Rangers zone.
0:38 of 3rd period - Wrist shot by Anthony Beauvillier.
0:38 of 3rd period - Goal by Anthony Beauvillier - Boston Bruins : 4 - New York Rangers : 4.
0:39 of 3rd period - John-Jason Peterka wins face-off versus Filip Chytil in neutral zone.
0:42 of 3rd period - Slapshot by Tyson Barrie.
0:42 of 3rd period - Shot Blocked by Mikael Granlund.
0:44 of 3rd period - Snap shot by Ryan Donato.
0:44 of 3rd period - Deflect By John-Jason Peterka.
0:44 of 3rd period - Goal by John-Jason Peterka - Boston Bruins : 5 - New York Rangers : 4.
0:45 of 3rd period - Pierre-Luc Dubois wins face-off versus Ryan Donato in neutral zone.
0:50 of 3rd period - Snap shot by Mathew Barzal.
0:50 of 3rd period - Shot Misses the Net.
1:11 of 3rd period - Anthony Beauvillier is hit by Mark Giordano.
1:19 of 3rd period - Slapshot by Artemi Panarin.
1:19 of 3rd period - Shot Blocked by Charlie McAvoy.
1:21 of 3rd period - Slapshot by Adam Larsson.
1:21 of 3rd period - Shot Blocked by Tyson Barrie.
1:23 of 3rd period - Snap shot by Cam Fowler.
1:23 of 3rd period - Shot Blocked by Tyson Barrie.
1:39 of 3rd period - Slapshot by Charlie McAvoy.
1:39 of 3rd period - Shot Misses the Net.
1:41 of 3rd period - Wrist shot by Nicholas Merkley.
1:41 of 3rd period - Deflect By Joe Veleno.
1:41 of 3rd period - Deflect By Cam Fowler.
1:41 of 3rd period - Stopped by Igor Shesterkin with a rebound.
1:47 of 3rd period - Wrist shot by Joonas Donskoi.
1:47 of 3rd period - Deflect By Joe Veleno.
1:47 of 3rd period - Stopped by Igor Shesterkin with a rebound.
2:21 of 3rd period - Snap shot by Sean Durzi.
2:21 of 3rd period - Stopped by Igor Shesterkin without a rebound.
2:22 of 3rd period - Pierre-Luc Dubois wins face-off versus Ryan Donato in New York Rangers zone.
3:00 of 3rd period - Snap shot by Pierre-Luc Dubois.
3:00 of 3rd period - Shot Misses the Net.
3:02 of 3rd period - Slapshot by Matthew Benning.
3:02 of 3rd period - Shot Misses the Net.
3:08 of 3rd period - Slapshot by Pierre-Luc Dubois.
3:08 of 3rd period - Shot Misses the Net.
3:10 of 3rd period - Slapshot by Gabriel Landeskog.
3:10 of 3rd period - Shot Blocked by Sean Durzi.
3:22 of 3rd period - Snap shot by Pierre-Luc Dubois.
3:22 of 3rd period - Shot Misses the Net.
3:24 of 3rd period - Slapshot by Mathew Barzal.
3:24 of 3rd period - Stopped by Pyotr Kochetkov with a rebound.
3:26 of 3rd period - Snap shot by Pierre-Luc Dubois.
3:26 of 3rd period - Stopped by Pyotr Kochetkov with a rebound.
3:28 of 3rd period - Snap shot by Jake McCabe.
3:28 of 3rd period - Shot Blocked by Ryan Donato.
3:30 of 3rd period - Snap shot by Jake McCabe.
3:30 of 3rd period - Stopped by Pyotr Kochetkov with a rebound.
3:32 of 3rd period - Snap shot by Pierre-Luc Dubois.
3:32 of 3rd period - Goal by Pierre-Luc Dubois - Boston Bruins : 5 - New York Rangers : 5.
3:33 of 3rd period - Nathan MacKinnon wins face-off versus Pavel Zacha in neutral zone.
4:43 of 3rd period - Minor Penalty to Matt Grzelcyk for Interference.
4:44 of 3rd period - Anthony Beauvillier wins face-off versus Andre Burakovsky in Boston Bruins zone.
6:43 of 3rd period - Penalty to Matt Grzelcyk is over, Matt Grzelcyk is back on ice.
7:26 of 3rd period - Wrist shot by Mikael Granlund.
7:26 of 3rd period - Shot Misses the Net.
7:32 of 3rd period - Wrist shot by Filip Chytil.
7:32 of 3rd period - Stopped by Pyotr Kochetkov with a rebound.
7:40 of 3rd period - Snap shot by Mikael Granlund.
7:40 of 3rd period - Stopped by Pyotr Kochetkov without a rebound.
7:41 of 3rd period - Nathan MacKinnon wins face-off versus Joe Veleno in Boston Bruins zone.
7:54 of 3rd period - Wrist shot by Joe Veleno.
7:54 of 3rd period - Deflect By Nicholas Merkley.
7:54 of 3rd period - Shot Misses the Net.
7:54 of 3rd period - Puck is out of play.
7:55 of 3rd period - Phil Kessel wins face-off versus Pierre-Luc Dubois in New York Rangers zone.
7:58 of 3rd period - Slapshot by Anthony Beauvillier.
7:58 of 3rd period - Shot Blocked by Gabriel Landeskog.
8:22 of 3rd period - Andre Burakovsky is hit by Joel Farabee and loses puck.
8:29 of 3rd period - Off-side.
8:30 of 3rd period - Ryan Donato wins face-off versus Filip Chytil in neutral zone.
9:24 of 3rd period - Snap shot by Gabriel Landeskog.
9:24 of 3rd period - Stopped by Pyotr Kochetkov without a rebound.
9:25 of 3rd period - Pierre-Luc Dubois wins face-off versus Ryan Donato in Boston Bruins zone.
9:58 of 3rd period - Snap shot by Phil Kessel.
9:58 of 3rd period - Shot Misses the Net.
10:00 of 3rd period - Snap shot by Phil Kessel.
10:00 of 3rd period - Shot Blocked by Adam Larsson.
10:02 of 3rd period - Slapshot by Victor Mete.
10:02 of 3rd period - Deflect By Pavel Zacha.
10:02 of 3rd period - Goal by Pavel Zacha - Boston Bruins : 6 - New York Rangers : 5.
10:03 of 3rd period - Nathan MacKinnon wins face-off versus Ryan Donato in neutral zone.
10:10 of 3rd period - Slapshot by Nathan MacKinnon.
10:10 of 3rd period - Shot Misses the Net.
10:29 of 3rd period - Icing by Sean Durzi.
10:30 of 3rd period - Ryan Donato wins face-off versus Filip Chytil in Boston Bruins zone.
10:34 of 3rd period - Minor Penalty to Dmitry Kulikov for Slashing.
10:35 of 3rd period - David Kampf wins face-off versus Ryan Donato in New York Rangers zone.
10:45 of 3rd period - Wrist shot by Conor Garland.
10:45 of 3rd period - Shot Misses the Net.
11:20 of 3rd period - Slapshot by Sean Durzi.
11:20 of 3rd period - Stopped by Igor Shesterkin with a rebound.
11:22 of 3rd period - Slapshot by Sean Durzi.
11:22 of 3rd period - Shot Blocked by Jake McCabe.
11:24 of 3rd period - Snap shot by Ryan Donato.
11:24 of 3rd period - Shot Blocked by Tyler Motte.
11:26 of 3rd period - Wrist shot by Joel Farabee.
11:26 of 3rd period - Deflect By Ryan Donato.
11:26 of 3rd period - Stopped by Igor Shesterkin without a rebound.
11:27 of 3rd period - David Kampf wins face-off versus Pavel Zacha in New York Rangers zone.
11:54 of 3rd period - Charlie McAvoy is hit by Pierre-Luc Dubois and loses puck.
12:34 of 3rd period - Penalty to Dmitry Kulikov is over, Dmitry Kulikov is back on ice.
12:53 of 3rd period - Snap shot by Cole Caufield.
12:53 of 3rd period - Stopped by Pyotr Kochetkov with a rebound.
13:03 of 3rd period - Minor Penalty to Austin Wagner for Roughing.
13:04 of 3rd period - Pavel Zacha wins face-off versus Nathan MacKinnon in Boston Bruins zone.
13:34 of 3rd period - Off-side.
13:35 of 3rd period - Gabriel Landeskog wins face-off versus Anthony Beauvillier in neutral zone.
13:37 of 3rd period - Off-side.
13:38 of 3rd period - Nathan MacKinnon wins face-off versus Anthony Beauvillier in neutral zone.
13:43 of 3rd period - Snap shot by Nathan MacKinnon.
13:43 of 3rd period - Deflect By Artemi Panarin.
13:43 of 3rd period - Shot Blocked by Anthony Beauvillier.
13:43 of 3rd period - Puck is out of play.
13:44 of 3rd period - Nathan MacKinnon wins face-off versus Anthony Beauvillier in Boston Bruins zone.
13:45 of 3rd period - Wrist shot by Artemi Panarin.
13:45 of 3rd period - Deflect By Pierre-Luc Dubois.
13:45 of 3rd period - Goal by Pierre-Luc Dubois - Boston Bruins : 6 - New York Rangers : 6.
13:46 of 3rd period - Nathan MacKinnon wins face-off versus Pavel Zacha in neutral zone.
14:55 of 3rd period - Slapshot by Cole Caufield.
14:55 of 3rd period - Stopped by Pyotr Kochetkov with a rebound.
15:03 of 3rd period - Dmitry Kulikov is hit by Dylan Gambrell and loses puck.
15:18 of 3rd period - Slapshot by Artemi Panarin.
15:18 of 3rd period - Goal by Artemi Panarin - Boston Bruins : 6 - New York Rangers : 7.
15:19 of 3rd period - Filip Chytil wins face-off versus Joe Veleno in neutral zone.
15:34 of 3rd period - Wrist shot by Tyson Barrie.
15:34 of 3rd period - Shot Misses the Net.
15:48 of 3rd period - Wrist shot by Dylan Gambrell.
15:48 of 3rd period - Stopped by Igor Shesterkin without a rebound.
15:49 of 3rd period - Dylan Gambrell wins face-off versus Nathan MacKinnon in New York Rangers zone.
16:19 of 3rd period - Snap shot by Nathan MacKinnon.
16:19 of 3rd period - Deflect By Andre Burakovsky.
16:19 of 3rd period - Shot Misses the Net.
16:19 of 3rd period - Puck is out of play.
16:20 of 3rd period - Filip Chytil wins face-off versus Joe Veleno in Boston Bruins zone.
17:19 of 3rd period - Snap shot by Nathan MacKinnon.
17:19 of 3rd period - Stopped by Pyotr Kochetkov without a rebound.
17:20 of 3rd period - Filip Chytil wins face-off versus Dylan Gambrell in Boston Bruins zone.
17:25 of 3rd period - Slapshot by Cole Caufield.
17:25 of 3rd period - Shot Misses the Net.
17:27 of 3rd period - Snap shot by Filip Chytil.
17:27 of 3rd period - Stopped by Pyotr Kochetkov without a rebound.
17:28 of 3rd period - Filip Chytil wins face-off versus Joe Veleno in Boston Bruins zone.
17:33 of 3rd period - Snap shot by Mikael Granlund.
17:33 of 3rd period - Shot Misses the Net.
17:35 of 3rd period - Snap shot by Cole Caufield.
17:35 of 3rd period - Goal by Cole Caufield - Boston Bruins : 6 - New York Rangers : 8.
17:36 of 3rd period - Joe Veleno wins face-off versus Filip Chytil in neutral zone.
17:38 of 3rd period - Minor Penalty to Tyson Barrie for High sticking.
17:39 of 3rd period - Gabriel Landeskog wins face-off versus Anthony Beauvillier in Boston Bruins zone.
17:41 of 3rd period - Snap shot by Cole Caufield.
17:41 of 3rd period - Stopped by Pyotr Kochetkov with a rebound.
18:20 of 3rd period - Icing by Mathew Barzal.
18:21 of 3rd period - Anthony Beauvillier wins face-off versus Artemi Panarin in New York Rangers zone.
18:26 of 3rd period - Snap shot by Joel Farabee.
18:26 of 3rd period - Shot Hit the Post.
18:28 of 3rd period - Slapshot by Sean Durzi.
18:28 of 3rd period - Shot Blocked by Adam Larsson.
18:30 of 3rd period - Snap shot by Samuel Girard.
18:30 of 3rd period - Shot Blocked by Artemi Panarin.
18:32 of 3rd period - Slapshot by Samuel Girard.
18:32 of 3rd period - Deflect By Joel Farabee.
18:32 of 3rd period - Shot Blocked by Mathew Barzal.
18:32 of 3rd period - Puck is out of play.
18:33 of 3rd period - Gabriel Landeskog wins face-off versus Pavel Zacha in New York Rangers zone.
18:44 of 3rd period - Slapshot by Charlie McAvoy.
18:44 of 3rd period - Deflect By Phil Kessel.
18:44 of 3rd period - Shot Misses the Net.
18:44 of 3rd period - Puck is out of play.
18:45 of 3rd period - Gabriel Landeskog wins face-off versus Anthony Beauvillier in New York Rangers zone.
19:33 of 3rd period - Off-side.
19:34 of 3rd period - Pavel Zacha wins face-off versus Nathan MacKinnon in neutral zone.
19:38 of 3rd period - Penalty to Tyson Barrie is over, Tyson Barrie is back on ice.
19:47 of 3rd period - Wrist shot by Pavel Zacha.
19:47 of 3rd period - Stopped by Igor Shesterkin without a rebound.
19:48 of 3rd period - Filip Chytil wins face-off versus Joe Veleno in New York Rangers zone.
Goals for this period are 3 for Boston Bruins vs 4 for New York Rangers.
Shots for this period are 10 for Boston Bruins vs 15 for New York Rangers.
Back to the Top